 Dungeon Crawl Stone Soup version 0.27.1-33-g824d729ab1 (webtiles) character file.

Game seed: 15040187242554636161

12667 erik8world the Grappler (level 11, -2/102 (114) HPs)
             Began as a Troll Chaos Knight on Dec 24, 2021.
             Was a Plaything of Xom.
             Slain by a hell rat (15 damage)
             ... on level 1 of the Lair of Beasts.
             The game lasted 00:34:38 (10545 turns).

erik8world the Grappler (Troll Chaos Knight)       Turns: 10545, Time: 00:34:40

HP:   -2/102 (114)  AC:  5    Str: 25    XL:     11   Next: 65%
MP:   10/10         EV: 11    Int:  6    God:    Xom [*.....]
Gold: 727           SH:  5    Dex:  9    Spells: 10/10 levels left

rFire    . . .     SeeInvis .     - Unarmed
rCold    . . .     Faith    .   (no shield)
rNeg     . . .     Spirit   .   Q - +0 acid dragon scales
rPois    .         Reflect  +   t - +0 hat
rElec    .         Harm     .   (no cloak)
rCorr    +         Rampage  .   (gloves unavailable)
Will     +....                  (boots unavailable)
Stlth    +.........             q - amulet of reflection
HPRegen  1.27/turn              C - ring of willpower
MPRegen  0.12/turn              A - ring of flight

@: unable to read, flying, heavily drained
A: large, unfitting armour, claws 3, regeneration 1, shaggy fur 1, tough skin 1,
deformed body, dopey 1, mutation resistance 2, robust 1, inability to read while
threatened
a: Renounce Religion


You were on level 1 of the Lair of Beasts.
You worshipped Xom.
You were a special plaything of Xom.
You visited 2 branches of the dungeon, and saw 12 of its levels.

You collected 727 gold pieces.

Inventory:

Hand Weapons
 m - a +1 giant club
 w - a +5 fustibalus of flaming
 L - a +4 dagger of chaos
 U - a +3 great sword of chaos
Missiles
 g - 18 javelins (quivered)
 j - 2 silver javelins
 R - a throwing net
Armour
 a - a +2 robe
 n - a +1 kite shield
 t - a +0 hat (worn)
 J - the +2 pair of boots "Wufink" {Will++}
   (You found it on level 8 of the Dungeon)

   Will:      It greatly increases your willpower.
 O - a +0 helmet
 Q - +0 acid dragon scales (worn)
Magical Staves
 c - a staff of air
Jewellery
 o - a ring of ice
 q - an amulet of reflection (around neck)
 x - an amulet of magic regeneration
 A - a ring of flight (right claw)
 C - a ring of willpower (left claw)
 D - an amulet of faith
 E - a ring of willpower
 I - the brooch of Shielding {Spirit SH+8}
   (You found it on level 7 of the Dungeon)

   [amulet of guardian spirit]

   It causes incoming damage to be divided between your reserves of health and
   magic.
   SH:        It affects your SH (+8).
 M - a ring of fire
Wands
 e - a wand of paralysis (6)
 f - a wand of mindburst (75)
 k - a wand of flame (10)
 p - a wand of iceblast (8)
 B - a wand of polymorph (16)
 S - a wand of acid (6)
Scrolls
 d - a scroll of enchant weapon
 l - 6 scrolls of identify {unknown}
 s - 4 scrolls of enchant armour
 u - 5 scrolls of teleportation {unknown}
 y - a scroll of holy word {unknown}
 z - 3 scrolls of brand weapon {unknown}
 F - a scroll of blinking {unknown}
 P - a scroll of noise {unknown}
 T - a scroll of vulnerability {unknown}
Potions
 b - 2 potions of brilliance {unknown}
 h - 2 potions of berserk rage
 i - 4 potions of curing {unknown}
 r - 4 potions of lignification {unknown}
 v - 2 potions of might {unknown}
 G - 2 potions of resistance {unknown}
 H - a potion of haste {unknown}
 K - 2 potions of flight {unknown}
 N - 2 potions of magic {unknown}
 V - a potion of ambrosia {unknown}


   Skills:
 + Level 5.2 Fighting
 + Level 0.2 Throwing
 + Level 3.5 Armour
 + Level 7.1 Dodging
 - Level 1.2 Stealth
 + Level 2.9 Shields
 + Level 14.3 Unarmed Combat


You had 10 spell levels left.
You didn't know any spells.
Your spell library contained the following spells:

 Spells                   Type           Power      Damage    Failure   Level
 Animate Skeleton         Necr           0%         N/A       52%         1
 Apportation              Tloc           0%         N/A       52%         1
 Corona                   Hex            0%         N/A       52%         1
 Magic Dart               Conj           0%         1d3       52%         1
 Summon Small Mammal      Summ           0%         N/A       52%         1
 Call Imp                 Summ           0%         N/A       67%         2
 Searing Ray              Conj           0%         3d3       67%         2
 Mephitic Cloud           Conj/Pois/Air  0%         N/A       88%         3
 Fulminant Prism          Conj/Hex       0%         3d6       99%         4
 Hailstorm                Conj/Ice       0%         3d3       99%         4
 Ice Form                 Ice/Tmut       0%         N/A       99%         4
 Fireball                 Conj/Fire      0%         3d3       100%        5
 Iskenderun's Battlesphe  Conj           0%         2d6       100%        5
 Conjure Ball Lightning   Conj/Air       0%         3x3d6     100%        6
 Simulacrum               Ice/Necr       0%         N/A       100%        6
 Orb of Destruction       Conj           0%         N/A       100%        7


Dungeon Overview and Level Annotations

Branches:
Dungeon (10/15)            Temple (0/1) D:6            Lair (2/6) D:10
    Orc (0/2) D:10
  Swamp: Lair:2-4    Shoals: Lair:2-4     Snake: Lair:2-4    Spider: Lair:2-4

Altars:
Cheibriados
Dithmenos
Elyvilon
Kikubaaqudgha
Vehumet
Zin

Shops:
D:4 ?   D:6 !


Innate Abilities, Weirdness & Mutations

You are too large for most types of armour.
You have claws for hands.
Your natural rate of healing is unusually fast.
You are covered in fur. (AC +1)
You have tough skin. (AC +1)
Armour fits poorly on your strangely shaped body.
You are dopey. (Int -2)
You are somewhat resistant to both further mutation and mutation removal.
You are robust. (+10% HP)
You sometimes lose the ability to read scrolls when taking damage.


Message History

The yak misses you.
The hell rat bites you but does no damage.
The hell rat closely misses you. The yak gores you! The hell rat misses you.
The hell rat closely misses you.
You fly upwards.
There is a stone staircase leading down here.
You block the hell rat's attack. The hell rat completely misses you.
You block the hell rat's attack. The hell rat bites you!
The hell rat bites you but does no damage.
You scratch the yak.
The yak is heavily wounded.
The hell rat closely misses you. The yak gores you but does no damage.
You scratch the yak. You claw the yak.
The yak is severely wounded.
The hell rat barely misses you. x2; The yak gores you.
You mangle the yak!!
You kill the yak!
The hell rat bites you.
You feel drained.
* * * LOW HITPOINT WARNING * * *
The hell rat misses you. The hell rat closely misses you.
You block the hell rat's attack.
You see here a yak corpse.
You scratch the hell rat but do no damage.
The hell rat is lightly wounded.
The hell rat bites you.
* * * LOW HITPOINT WARNING * * *
The hell rat closely misses you.
You closely miss the hell rat. Your claw misses the hell rat.
The hell rat is lightly wounded.
The hell rat bites you!
* * * LOW HITPOINT WARNING * * *
You scratch the hell rat. You claw the hell rat!
The hell rat is almost dead.
The hell rat bites you!
* * * LOW HITPOINT WARNING * * *
You feel drained.
* * * LOW HITPOINT WARNING * * *
The hell rat bites you!
You die...
Xom yawns loudly!

# ###.#..#.......##.#'#.#
##.
#......#.......#.....##
#..
##.....##.....##.....#
##.
#.........⌠...#.....## ##
##..⌠..#.....#..⌠..#.# #
#.....#...........### ##
##.......⌠..[....#######.
##.....r.......## #....#
#...⌠.@>..⌠..#####.....
###...r.....#.##.......
#....⌠....##.#.......
###.....#######......
###...### #......
#.#...#.# ##......
##.....## #.......
#⌠.>.⌠### #.......
#.....#P####.......


You could see 2 hell rats.

Vanquished Creatures
  2 two-headed ogres (D:10)
  Urug (Lair:1)
  A kobold demonologist (D:10)
  2 cane toads (Lair:1)
  Psyche (D:8)
  A rime drake (Lair:1)
  Grinder (D:4)
  A blink frog (shapeshifter) (D:9)
  3 blink frogs (Lair:1)
  Sigmund (D:2)
  A vampire (D:10)
  14 yaks
  A steam dragon (D:6)
  Menkaure (D:7)
  An acid dragon (D:10)
  3 water moccasins (Lair:1)
  2 wargs
  7 orc warriors
  A hornet zombie (D:5)
  5 black bears
  A necrophage (D:3)
  A sky beast (D:7)
  An ice beast (D:6)
  An ogre (D:3)
  13 wolves (Lair:1)
  A centaur (D:9)
  A phantom (D:6)
  A kobold brigand (D:10)
  A gnoll sergeant (D:9)
  2 bullfrogs
  Blork the orc (D:4)
  A wyvern zombie (D:9)
  2 scorpions (D:5)
  A wyvern skeleton (D:7)
  A water moccasin skeleton (D:5)
  3 killer bees (D:6)
  A howler monkey (D:8)
  4 wights (D:6)
  2 centaur zombies (D:5)
  2 bullfrog zombies (D:5)
  2 jellies
  4 hounds
  2 gnoll shamans
  6 orc priests
  3 centaur skeletons
  5 iguanas
  12 orc wizards
  3 hell rats (Lair:2)
  A hound zombie (D:5)
  A howler monkey zombie (D:5)
  9 gnolls
  8 adders
  A shadow imp (D:7)
  2 white imps
  2 ufetubi (D:5)
  2 dart slugs
  60 orcs
  4 bats
  6 endoplasms
  5 giant cockroaches
  10 goblins
  6 hobgoblins
  2 jackals (D:1)
  8 quokkas
  8 ball pythons
  2 frilled lizards (D:2)
  18 kobolds
  2 rats (D:1)
285 creatures vanquished.

Vanquished Creatures (collateral kills)
  A water moccasin (D:5)
  A bullfrog zombie (D:5)
  2 orcs (D:6)
4 creatures vanquished.

Vanquished Creatures (others)
  2 plants
2 creatures vanquished.

Grand Total: 291 creatures vanquished

Notes
Turn   | Place    | Note
-------+----------+-------------------------------------------
     0 | D:1      | erik8world the Troll Chaos Knight began the quest for the
                  | Orb.
     0 | D:1      | Reached XP level 1. HP: 22/22 MP: 0/0
    83 | D:1      | XOM: silly message
    88 | D:1      | Reached XP level 2. HP: 29/29 MP: 1/1
   142 | D:1      | XOM: silly message
   261 | D:1      | XOM: polymorph goblin -> rat
   481 | D:2      | Reached XP level 3. HP: 33/36 MP: 2/2
   824 | D:2      | Reached skill level 4 in Unarmed Combat
   824 | D:2      | XOM is BORED!
   824 | D:2      | XOM: blink monster(s)
   934 | D:2      | Noticed Sigmund
   945 | D:2      | XOM: divination: detect items
   952 | D:2      | XOM: potion effect (might)
   955 | D:2      | Killed Sigmund
   956 | D:2      | Reached skill level 5 in Unarmed Combat
   956 | D:2      | Reached XP level 4. HP: 18/45 MP: 3/3
   956 | D:2      | Reached XP level 5. HP: 22/53 MP: 4/4
   956 | D:2      | Found a faded altar of an unknown god.
  1304 | D:3      | Noticed an ogre
  1315 | D:3      | Killed an ogre
  1316 | D:3      | Reached XP level 6. HP: 61/61 MP: 5/5
  1631 | D:3      | Reached skill level 6 in Unarmed Combat
  1634 | D:3      | XOM: confusion (+ monsters)
  2075 | D:4      | Found the +6 lightning scales {swift, rElec}
  2096 | D:4      | Found Qyngeuta's Magic Scroll Emporium.
  2131 | D:4      | Gained mutation: Armour fits poorly on your strangely
                  | shaped body. [potion of mutation]
  2155 | D:4      | Noticed Blork the orc
  2162 | D:4      | Killed Blork the orc
  2378 | D:4      | Reached XP level 7. HP: 67/67 MP: 6/6
  2553 | D:4      | Found a snail-covered altar of Cheibriados.
  2558 | D:4      | Noticed Grinder
  2561 | D:4      | XOM: blink monster(s)
  2564 | D:4      | Paralysed by Grinder for 4 turns
  2573 | D:4      | Killed Grinder
  2574 | D:4      | Reached skill level 7 in Unarmed Combat
  3273 | D:5      | Entered Level 5 of the Dungeon
  3430 | D:5      | XOM: fake destruction
  3439 | D:5      | Reached skill level 1 in Stealth
  3534 | D:5      | XOM: 2-stop teleportation journey
  3550 | D:5      | XOM: enchant monster (good)
  3554 | D:5      | Reached skill level 8 in Unarmed Combat
  3554 | D:5      | Reached XP level 8. HP: 75/75 MP: 7/7
  3769 | D:5      | XOM is BORED!
  3769 | D:5      | XOM: draining
  4039 | D:5      | XOM: god gift: potion of mutation
  4048 | D:5      | XOM: summons 8 friendly demons
  4141 | D:5      | XOM: give mutations
  4141 | D:5      | Gained mutation: You are dopey. (Int -2) [Xom's mischief]
  4141 | D:5      | Gained mutation: You are clumsy. (Dex -2) [Xom's mischief]
  4143 | D:5      | Reached skill level 9 in Unarmed Combat
  4160 | D:5      | Lost mutation: Armour fits poorly on your strangely shaped
                  | body. [potion of mutation]
  4160 | D:5      | Lost mutation: You are dopey. (Int -2) [potion of mutation]
  4160 | D:5      | Gained mutation: You are somewhat resistant to further
                  | mutation. [potion of mutation]
  4160 | D:5      | Gained mutation: You are partially covered in iridescent
                  | scales. (AC +2) [potion of mutation]
  4161 | D:5      | Lost mutation: You are clumsy. (Dex -2) [potion of
                  | mutation]
  4161 | D:5      | Lost mutation: You are partially covered in iridescent
                  | scales. (AC +2) [potion of mutation]
  4161 | D:5      | Gained mutation: You are robust. (+10% HP) [potion of
                  | mutation]
  4161 | D:5      | Gained mutation: Your muscles are strong. (Str +2) [potion
                  | of mutation]
  4423 | D:6      | HP: 4/127 [black bear (7)]
  4425 | D:6      | Reached XP level 9. HP: 5/92 MP: 8/8
  4426 | D:6      | Reached skill level 5 in Dodging
  4509 | D:6      | Found Zeachyul's Distillery.
  4534 | D:6      | Reached skill level 10 in Unarmed Combat
  4706 | D:6      | XOM: summons 2 friendly demons
  4714 | D:6      | XOM: summons 3 friendly demons
  4816 | D:6      | Found a shadowy altar of Dithmenos.
  4829 | D:6      | Found a glowing silver altar of Zin.
  4832 | D:6      | Found an ancient bone altar of Kikubaaqudgha.
  4863 | D:6      | XOM: give mutation
  4863 | D:6      | Gained mutation: Your muscles are very strong. (Str +4)
                  | [Xom's mischief]
  5135 | D:6      | Found a staircase to the Ecumenical Temple.
  5187 | D:6      | Found a white marble altar of Elyvilon.
  5210 | D:6      | XOM: give mutations
  5210 | D:6      | Gained mutation: You occasionally shout uncontrollably at
                  | your foes. [Xom's mischief]
  5210 | D:6      | Lost mutation: You occasionally shout uncontrollably at
                  | your foes. [Xom's mischief]
  5688 | D:7      | XOM: polymorph ice beast -> sky beast
  5909 | D:7      | Noticed Menkaure
  5915 | D:7      | Killed Menkaure
  5936 | D:7      | Reached skill level 11 in Unarmed Combat
  5993 | D:7      | XOM: summons 3 hostile shadow creatures
  6120 | D:7      | XOM: summons 3 hostile shadow creatures
  6154 | D:7      | Found the brooch of Shielding {Spirit SH+8}
  6277 | D:8      | Identified the +2 pair of boots "Wufink" {Will++}
  6296 | D:8      | XOM: give mutations
  6296 | D:8      | Lost mutation: Your muscles are very strong. (Str +4)
                  | [Xom's mischief]
  6296 | D:8      | Gained mutation: You are resistant to electric shocks.
                  | (rElec) [Xom's mischief]
  6296 | D:8      | Gained mutation: You have large cloven feet. [Xom's
                  | mischief]
  6296 | D:8      | Lost mutation: You have large cloven feet. [Xom's mischief]
  6303 | D:8      | XOM: 1-stop teleportation journey
  6341 | D:8      | Identified the +3 chain mail "Hukhekhlu" {Dex+2}
  6462 | D:8      | Found a radiant altar of Vehumet.
  6538 | D:8      | Noticed Psyche
  6538 | D:8      | XOM: swap monsters
  6542 | D:8      | Killed Psyche
  6573 | D:8      | XOM: summons 4 hostile demons
  6574 | D:8      | Noticed an ice devil
  6680 | D:8      | XOM: draining
  7741 | D:9      | XOM: 1-stop teleportation journey
  7756 | D:9      | Reached XP level 10. HP: 36/92 MP: 9/9
  7796 | D:9      | XOM: 2-stop teleportation journey
  8072 | D:9      | XOM: noise
  8079 | D:9      | Reached skill level 1 in Shields
  8146 | D:9      | XOM: summons 1 hostile demon
  8229 | D:9      | XOM: polymorph kobold brigand -> sky beast
  8234 | D:9      | XOM: enchant monster (bad)
  8255 | D:9      | Reached skill level 12 in Unarmed Combat
  8264 | D:9      | XOM: polymorph sky beast -> shapeshifter
  8565 | D:10     | Entered Level 10 of the Dungeon
  8801 | D:10     | XOM: chaos cloud
  8822 | D:10     | XOM: give mutations
  8822 | D:10     | Lost mutation: Your muscles are strong. (Str +2) [Xom's
                  | mischief]
  8822 | D:10     | Gained mutation: A frigid envelope surrounds you and
                  | freezes all who hurt you. [Xom's mischief]
  8822 | D:10     | Gained mutation: Your body sometimes deteriorates upon
                  | taking damage. [Xom's mischief]
  8824 | D:10     | Noticed an orange demon
  8872 | D:10     | Found a staircase to the Orcish Mines.
  8872 | D:10     | XOM: 1-stop teleportation journey
  8873 | D:10     | XOM: chaos upgrade
  8996 | D:10     | Noticed a two-headed ogre
  9001 | D:10     | Killed a two-headed ogre
  9002 | D:10     | Reached skill level 13 in Unarmed Combat
  9084 | D:10     | Noticed a two-headed ogre
  9086 | D:10     | XOM: summons 6 hostile demons
  9099 | D:10     | Killed a two-headed ogre
  9100 | D:10     | Reached skill level 1 in Armour
  9209 | D:10     | Found a staircase to the Lair.
  9273 | D:10     | XOM: give mutations
  9273 | D:10     | Lost mutation: You are resistant to electric shocks.
                  | (rElec) [Xom's mischief]
  9273 | D:10     | Lost mutation: Your body sometimes deteriorates upon taking
                  | damage. [Xom's mischief]
  9273 | D:10     | Gained mutation: You sometimes lose the ability to read
                  | scrolls when taking damage. [Xom's mischief]
  9371 | Lair:1   | Entered Level 1 of the Lair of Beasts
  9386 | Lair:1   | Reached XP level 11. HP: 111/111 MP: 10/10
  9392 | Lair:1   | Reached skill level 5 in Fighting
  9530 | Lair:1   | XOM: confuse monster(s)
  9556 | Lair:1   | XOM: divination: magic mapping
  9742 | Lair:1   | XOM: god gift: +3 great sword of chaos
  9819 | Lair:1   | XOM: 6-stop teleportation journey
  9867 | Lair:1   | XOM: scenery: summon butterflies
  9871 | Lair:1   | XOM: fog
  9962 | Lair:1   | Noticed Urug
  9963 | Lair:1   | Reached skill level 14 in Unarmed Combat
  9976 | Lair:1   | Killed Urug
 10316 | Lair:1   | XOM: divination: detect creatures
 10409 | Lair:1   | XOM: give mutations
 10409 | Lair:1   | Gained mutation: You are somewhat resistant to both further
                  | mutation and mutation removal. [Xom's mischief]
 10409 | Lair:1   | Gained mutation: You are dopey. (Int -2) [Xom's mischief]
 10409 | Lair:1   | Gained mutation: Armour fits poorly on your strangely
                  | shaped body. [Xom's mischief]
 10409 | Lair:1   | Lost mutation: A frigid envelope surrounds you and freezes
                  | all who hurt you. [Xom's mischief]
 10545 | Lair:1   | Slain by a hell rat

Illustrated notes

Levels and vault maps discovered:
D:1:      mrwooster_arrival_statue, layout_basic, st_stairs_5, minivault_26,
          hangedman_decor_push, chequers_arboretum, corexii_leaking_fountain
D:2:      layout_loops_ring, ebering_ecumenical_altar_petrified,
          grunt_ministairs_3, uniq_sigmund
D:3:      layout_loops_ring
D:4:      layout_layer_cave, mainiacjoe_overflow_boulevard, serial_shops,
          shop_fountains, hangedman_abyss_or_decor_lesser_grid, uniq_grinder,
          uniq_blork_the_orc
D:5:      kennysheep_windowed_halls, layout_basic, serial_bayou_pond_c
D:6:      cheibrodos_helix_gallery, layout_loops_ring,
          minmay_overflow_temple_star_quad, lemuel_round_altar, temple_pool_b,
          serial_shops, shop, gup_sewer_entry_pipe, minmay_holes,
          kennysheep_generic_room_9
D:7:      layout_loops_ring, kennysheep_generic_room_5, uniq_menkaure
D:8:      layout_basic, kennysheep_mini_moat, sigmund_army, uniq_psyche
D:9:      layout_basic
D:10:     layout_roguey, lair_entry_dummy, david_orc_3,
          kennysheep_generic_room_11
Lair:1:   beast_lair_carwin_large_2, layout_cave_pods, grunt_megastairs_3,
          uniq_urug
Lair:2:   layout_regular_city, dummy_snake_entry

Skill      XL: |  1  2  3  4  5  6  7  8  9 10 11 |
---------------+----------------------------------+-----
Dodging        | 2 3 4 6 7 |  7.1
Fighting       | 3 4 5 |  5.2
Unarmed Combat | 5 6 8 9 11 13 14 | 14.3
Stealth        | 1 |  1.2
Shields        | 2 |  2.9
Armour         | 1 3 |  3.5
Throwing       | |  0.2

Action                   |  1- 3 |  4- 6 |  7- 9 | 10-12 || total
-------------------------+-------+-------+-------+-------++-------
Melee: Unarmed           |   103 |    86 |   400 |   302 ||   891
       Punch             |       |       |    18 |    14 ||    32
Throw: Javelin           |       |       |       |     2 ||     2
  Use: Scroll            |       |     5 |       |       ||     5
       Potion            |       |     4 |     5 |     1 ||    10
 Stab: Paralysed         |       |       |     3 |       ||     3
       Sleeping          |       |       |     1 |     1 ||     2
Armor: Robe              |    51 |    26 |   107 |    36 ||   220
       Acid dragon scale |       |       |       |    27 ||    27
Dodge: Dodged            |    55 |    40 |   190 |   129 ||   414
Block: Other             |       |       |    24 |    57 ||    81
       Reflection        |       |       |       |     2 ||     2
